 Dungeon Crawl Stone Soup version 0.29-a0-298-g3c90f9a769 (webtiles) character file.

Game seed: 10475261676922159999

3215 tilp the Destroyer (level 9, -15/44 HPs)
             Began as a Felid Ice Elementalist on Mar 22, 2022.
             Was a Believer of Vehumet.
             Demolished by a minotaur
             ... wielding the +4 great sword of the Goat {vorpal, rElec Str+4}
              (30 damage)
             ... in a Gauntlet.
             The game lasted 00:21:46 (14773 turns).

tilp the Destroyer (Felid Ice Elementalist)        Turns: 14773, Time: 00:21:47

Health: -15/44     AC: 11    Str:  4    XL:     9   Next: 65%
Magic:  7/18       EV: 20    Int: 21    God:    Vehumet [**....]
Gold:   1386       SH:  5    Dex: 17    Spells: 7/18 levels left
                                        Lives:  0   Deaths: 2

rFire   x . .      SeeInvis +     - Unarmed
rCold   + . .      Faith    .   (shield unavailable)
rNeg    . . .      Spirit   .   (body armour unavailable)
rPois   .          Reflect  +   (helmet unavailable)
rElec   .          Harm     .   (cloak unavailable)
rCorr   .          Rampage  .   (gloves unavailable)
Will    ++...      NoTele   +   (boots unavailable)
Stlth   ++++......              f - amulet of reflection
HPRegen 0.14/turn               j - ring of ice
MPRegen 0.16/turn               m - ring of willpower

@: ice-armoured, quick
A: very small, claws 1, fangs 3, see invisible, speed 1, shaggy fur 2, stealthy
paws, no weapons or thrown items, no armour, multi-lived
a: Renounce Religion


You were in a Gauntlet.
You worshipped Vehumet.
Vehumet was pleased with you.
You visited 2 branches of the dungeon, and saw 12 of its levels.
You also visited: Gauntlet.

You collected 1386 gold pieces.

Inventory:

Jewellery
 f - an amulet of reflection (around neck)
 j - a ring of ice (left paw)
 m - a ring of willpower (right paw)
 p - a +6 ring of dexterity
 r - a ring of resist corrosion
Wands
 b - a wand of iceblast (5)
Scrolls
 h - a scroll of amnesia
 n - a scroll of magic mapping
 o - 4 scrolls of teleportation
 t - 5 scrolls of fog
 u - a scroll of immolation
 w - 2 scrolls of fear
Potions
 a - a potion of magic
 c - a potion of invisibility
 d - 3 potions of lignification
 e - 3 potions of berserk rage
 g - 3 potions of flight
 i - 2 potions of brilliance
 k - 3 potions of degeneration {unknown}
 l - 2 potions of attraction {unknown}
 q - a potion of mutation {unknown}
 s - 5 potions of curing
 v - a potion of cancellation {unknown}
 x - a potion of haste {unknown}
 z - a potion of might {unknown}
 A - 2 potions of heal wounds {unknown}
Miscellaneous
 y - a phantom mirror


   Skills:
 + Level 8.3 Fighting
 - Level 6.0 Dodging
 - Level 8.0 Stealth
 - Level 4.0 Unarmed Combat
 + Level 5.4 Spellcasting
 * Level 8.5 Conjurations
 * Level 8.5 Ice Magic
 - Level 4.0 Evocations


You had 7 spell levels left.
You knew the following spells:

 Your Spells              Type           Power      Damage    Failure   Level
a - Freeze                Ice            100%       1d11      1%          1
b - Frozen Ramparts       Ice            100%       1d12      1%          3
c - Ozocubu's Armour      Ice            58%        N/A       1%          3
d - Hailstorm             Conj/Ice       58%        3d13      3%          4

Your spell library contained the following spells:

 Spells                   Type           Power      Damage    Failure   Level
 Poisonous Vapours        Pois/Air       10%        N/A       16%         2
 Magic Dart               Conj           100%       1d8       1%          1
 Shock                    Conj/Air       92%        1d8       1%          1
 Mephitic Cloud           Conj/Pois/Air  17%        N/A       10%         3
 Slow                     Hex            20%        N/A       11%         1
 Summon Small Mammal      Summ           20%        N/A       11%         1
 Call Imp                 Summ           5%         N/A       16%         2
 Confusing Touch          Hex            5%         N/A       30%         3
 Gell's Gravitas          Tloc           5%         N/A       30%         3
 Lesser Beckoning         Tloc           5%         N/A       30%         3
 Swiftness                Air            5%         N/A       30%         3
 Teleport Other           Tloc           5%         N/A       30%         3
 Tukima's Dance           Hex            5%         N/A       30%         3
 Metabolic Englaciation   Hex/Ice        17%        N/A       45%         5
 Airstrike                Air            2%         N/A       71%         4
 Anguish                  Hex/Necr       2%         N/A       71%         4
 Enfeeble                 Hex            2%         N/A       100%        7
 Haunt                    Necr/Summ      2%         N/A       100%        7


Dungeon Overview and Level Annotations

Branches:
Dungeon (11/15)            Temple (1/1) D:6            Lair (0/6) D:9
Gauntlet (1/1)
    Orc: D:9-12

Altars:
Ashenzari
Cheibriados
Dithmenos
Elyvilon
Fedhas
Gozag
Hepliaklqana
Kikubaaqudgha
Makhleb
Nemelex Xobeh
Okawaru
Qazlal
Ru
Sif Muna
Trog
Uskayaw
Vehumet
Wu Jian
Xom
Yredelemnul
Zin
The Shining One

Shops:
D:7 [   D:11 [

Annotations:
D:6 ice vault (gold)
D:8 exclusion: 2 oklob plants
D:9 1 runed translucent door, benappo's ghost, journeyman GnWn
D:11 exclusion: cyclops Gauntlet 11 transporters, exclusion: lightning spire


Innate Abilities, Weirdness & Mutations

You have sharp claws.
You have razor-sharp teeth.
You have supernaturally acute eyesight. (SInv)
You cover ground quickly. (Speed+)
You are covered in thick fur. (AC +2)
Your paws help you pounce on unaware monsters.
You are incapable of wielding weapons or throwing items.
You cannot wear armour.
You gain extra lives every three experience levels.


Message History

The shadow imp grins evilly.
The shadow imp completely misses you.
You are now level 9!
You rejoin the land of the living...
Unknown command.
A minotaur comes into view.
It is wielding the +4 great sword of the Goat {vorpal, rElec Str+4} and wearing a +2 ring mail of fire resistance.
Found a chain mail.
Found a gate leading back out of this place.
Casting: Ozocubu's Armour (safe; 1% risk of failure)
Confirm with . or Enter, or press ? or * to list all spells.
Casting: Hailstorm (dangerous; 3% risk of failure)
Press: ? - help, Dir - look around, f - activate You feel a surge of power!
A cannonade of hail descends around you!
The hail pelts the minotaur!!
The minotaur is moderately wounded.
The minotaur bellows!
The minotaur throws a javelin.
The javelin pierces through you!!
Ouch! That really hurt!
* * * LOW HITPOINT WARNING * * *
Unknown command.
Unknown command.
Casting: Hailstorm (dangerous; 3% risk of failure)
Confirm with . or Enter, or press ? or * to list all spells.
Casting: Hailstorm (dangerous; 3% risk of failure)
Press: ? - help, Dir - look around, f - activate You feel a surge of power!
A cannonade of hail descends around you!
The hail pelts the minotaur!!
The minotaur is heavily wounded.
Unknown command.
Unknown command.
Unknown command.
Unknown command.
Casting: Hailstorm (dangerous; 3% risk of failure)
Confirm with . or Enter, or press ? or * to list all spells.
You feel a surge of power! A film of ice covers your body!
The minotaur hits you with the +4 great sword of the Goat {vorpal, rElec Str+4}!!
Ouch! That really hurt!
You die...

#######
#≈≈≈≈≈#
#≈≈∩≈≈ ≈...
###H###
#..@..#
###+### #. .#
.#
##.###.###.##
.............


You could see a minotaur.

Vanquished Creatures
  A two-headed ogre (D:9)
  3 ugly things
  An elephant (D:9)
  2 unseen horrors (D:10)
  A troll (D:10)
  A wraith (D:9)
  Sigmund (D:5)
  16 yaks
  A wyvern (D:9)
  4 humans (D:7)
  An acid dragon (D:10)
  A water moccasin (D:8)
  A floating eye (D:8)
  2 ice beasts
  An orc warrior (D:10)
  2 sky beasts
  2 black bears (D:9)
  2 ogres
  7 centaurs
  A kobold brigand (D:10)
  3 bullfrogs
  2 necrophages
  6 scorpions
  15 wights
  15 killer bees
  3 howler monkeys
  7 orc priests
  2 hounds
  2 jellies
  3 orc wizards
  Natasha (thrice) (D:3)
  4 iguanas
  7 gnolls
  6 adders
  A shadow imp (D:6)
  A white imp (D:5)
  2 ufetubi
  A worm (D:3)
  A dart slug (D:3)
  36 orcs
  6 bats
  8 endoplasms
  7 giant cockroaches
  10 hobgoblins
  9 jackals
  6 quokkas
  8 ball pythons
  6 frilled lizards
  15 goblins
  9 kobolds
  8 rats
263 creatures vanquished.

Vanquished Creatures (others)
  16 plants
16 creatures vanquished.

Grand Total: 279 creatures vanquished

Notes
Turn   | Place    | Note
-------+----------+-------------------------------------------
     0 | D:1      | tilp the Felid Ice Elementalist began the quest for the
                  | Orb.
     0 | D:1      | Reached XP level 1. HP: 7/7 MP: 4/4
   468 | D:1      | Found a faded altar of an unknown god.
   475 | D:1      | Reached XP level 2. HP: 12/12 MP: 6/6
  1000 | D:1      | Reached skill level 1 in Fighting
  1195 | D:1      | Reached XP level 3. HP: 15/15 MP: 5/7
  1203 | D:1      | Learned a level 3 spell: Frozen Ramparts
  1984 | D:2      | Learned a level 3 spell: Ozocubu's Armour
  2062 | D:2      | Identified the +8 dagger of Laceration {flame, SInv}
  2466 | D:2      | Reached XP level 4. HP: 19/19 MP: 2/8
  2709 | D:3      | Noticed Natasha
  2714 | D:3      | Killed Natasha
  2864 | D:3      | Noticed Natasha
  2876 | D:3      | Killed Natasha
  2884 | D:3      | Noticed Natasha
  2991 | D:3      | Killed Natasha
  2992 | D:3      | Reached skill level 5 in Ice Magic
  2992 | D:3      | Reached XP level 5. HP: 22/22 MP: 2/10
  4633 | D:4      | Gained mutation: You are covered in thick fur. (AC +2)
                  | [Felid growth]
  4633 | D:4      | Reached XP level 6. HP: 26/26 MP: 3/11
  5244 | D:4      | Identified a scroll of acquirement
  5244 | D:4      | Acquired 693 gold pieces
  5269 | D:5      | Entered Level 5 of the Dungeon
  5443 | D:5      | Noticed an ice beast
  5444 | D:5      | Reached skill level 1 in Evocations
  5459 | D:5      | Reached skill level 1 in Unarmed Combat
  5736 | D:5      | Reached XP level 7. HP: 31/31 MP: 4/12
  6268 | D:5      | Noticed Sigmund
  6268 | D:5      | Noticed a yak
  6268 | D:5      | Noticed a yak
  6268 | D:5      | Noticed a yak
  6268 | D:5      | Noticed a yak
  6268 | D:5      | Noticed a yak
  6276 | D:5      | Noticed a yak
  6281 | D:5      | Killed a yak
  6282 | D:5      | Killed Sigmund
  6283 | D:5      | Reached skill level 5 in Stealth
  6407 | D:5      | Killed a yak
  6408 | D:5      | Reached XP level 8. HP: 25/36 MP: 2/13
  6767 | D:5      | Reached skill level 1 in Conjurations
  7171 | D:6      | Got the Volume of Summoning and Bewitchment
  7177 | D:6      | Learned a level 4 spell: Hailstorm
  7292 | D:6      | Reached skill level 5 in Fighting
  7360 | D:6      | Found a glowing silver altar of Zin.
  7397 | D:6      | Reached XP level 9. HP: 38/40 MP: 7/16
  7813 | D:6      | Found a staircase to the Ecumenical Temple.
  7867 | Temple   | Entered the Ecumenical Temple
  8043 | Temple   | Became a worshipper of Vehumet
  8528 | D:7      | Reached skill level 5 in Conjurations
  8842 | D:7      | Reached skill level 5 in Spellcasting
  9147 | D:7      | Reached * piety under Vehumet
  9147 | D:7      | Offered knowledge of Sandblast by Vehumet.
  9426 | D:7      | Found Apihid's Armour Boutique.
  9669 | D:7      | Reached XP level 10. HP: 25/45 MP: 8/18
 10284 | D:8      | Noticed an oklob plant
 10986 | D:8      | Noticed an oklob plant
 11277 | D:9      | Found a staircase to the Lair.
 11277 | D:9      | Noticed an elephant
 11291 | D:9      | Killed an elephant
 11291 | D:9      | Offered knowledge of Searing Ray by Vehumet.
 11292 | D:9      | Reached ** piety under Vehumet
 11811 | D:9      | Found a runed translucent door.
 11811 | D:9      | Noticed a sphinx
 11835 | D:9      | Noticed benappo's ghost (journeyman GnWn)
 11861 | D:9      | Noticed a two-headed ogre
 11876 | D:9      | Killed a two-headed ogre
 11877 | D:9      | Reached skill level 5 in Dodging
 12228 | D:9      | Noticed a brown ugly thing
 12282 | D:9      | Killed a brown ugly thing
 12467 | D:9      | Reached XP level 11. HP: 50/50 MP: 9/19
 12826 | D:10     | Entered Level 10 of the Dungeon
 13372 | D:10     | Offered knowledge of Poisonous Vapours by Vehumet.
 13526 | D:10     | Noticed a red ugly thing
 13541 | D:10     | Slain by a red ugly thing
 13542 | D:10     | Reached XP level 10. HP: -1/48 MP: 7/18
 13874 | D:10     | Killed a red ugly thing
 14172 | D:11     | Found Cheibriados's Comfort Zone.
 14173 | D:11     | Noticed a cyclops
 14233 | D:11     | Found a gate leading to a gauntlet.
 14244 | D:11     | Noticed a green ugly thing
 14251 | D:11     | Killed a green ugly thing
 14254 | Gauntlet | Entered a Gauntlet
 14254 | Gauntlet | Found a transporter.
 14254 | Gauntlet | Found a transporter.
 14264 | Gauntlet | Noticed a soul eater
 14521 | Gauntlet | Found a transporter.
 14525 | Gauntlet | Found a transporter.
 14531 | Gauntlet | Noticed a death scarab
 14533 | Gauntlet | Found a transporter.
 14537 | Gauntlet | Found a transporter.
 14545 | Gauntlet | Found a transporter.
 14561 | Gauntlet | Found a transporter.
 14575 | Gauntlet | Found a transporter.
 14579 | Gauntlet | Found a transporter.
 14581 | Gauntlet | Noticed a rust devil
 14587 | Gauntlet | Found a transporter.
 14591 | Gauntlet | Found a transporter.
 14768 | Gauntlet | Killed from afar by a soul eater
 14769 | Gauntlet | Reached XP level 9. HP: -9/40 MP: 16/18
 14769 | Gauntlet | Identified the +4 great sword of the Goat {vorpal, rElec
                  | Str+4}
 14769 | Gauntlet | Noticed a minotaur
 14773 | Gauntlet | Demolished by a minotaur

Illustrated notes

Levels and vault maps discovered:
D:1:      shiori_arrival_elements, layout_basic,
          chequers_ecumenical_altar_simple
D:2:      minmay_razor_zed, layout_basic, serial_bayou_crossing
D:3:      layout_loops_ring, uniq_natasha
D:4:      layout_rooms, serial_corexii_hall, chequers_hall_statues_corner_a,
          corexii_hall_statues_i
D:5:      layout_rooms, uniq_sigmund
D:6:      lemuel_ice_spiral_2, layout_rooms, mainiacjoe_overflow_tiny_flanked,
          minmay_temple_entry_proselytizer
D:7:      layout_gridville, serial_shops, nicolae_shop_window_shopping,
          minmay_misc_feat_columns, minmay_ruffians
D:8:      layout_rooms, serial_curves, eino_curves_04, eino_curves_04,
          disabler_island
D:9:      layout_loops_ring, david_lair_generic, ebering_ghost_inner_flame
D:10:     layout_irregular_city
D:11:     layout_basic, gauntlet_entry_generic, minmay_shop_chei
Temple:   compressed_dpeg_triangle_lava_temple
Gauntlet: minmay_gauntlet_77_indecision [minmay_gauntlet_arena_77_hold_the_fort,
          minmay_gauntlet_arena_77_two_lines,
          minmay_gauntlet_arena_77_terracotta_army,
          minmay_gauntlet_arena_77_block_sizes, minmay_gauntlet_arena_77_museum,
          minmay_gauntlet_arena_77_two_paths, gauntlet_exit_watery]

Skill      XL: |  1  2  3  4  5  6  7  8  9 10 11 |
---------------+----------------------------------+-----
Ice Magic      | 4 5 6 7 8 |  8.5
Fighting       | 1 2 3 4 5 6 7 8 |  8.3
Spellcasting   | 3 4 5 |  5.4
Stealth        | 3 6 7 8 |  8.0
Dodging        | 3 4 5 6 |  6.0
Evocations     | 1 3 4 |  4.0
Unarmed Combat | 1 2 3 4 |  4.0
Conjurations   | 3 6 8 |  8.5

Action                   |  1- 3 |  4- 6 |  7- 9 | 10-12 || total
-------------------------+-------+-------+-------+-------++-------
Melee: Unarmed           |    18 |    24 |    82 |    39 ||   163
       Bite              |       |       |     8 |     7 ||    15
       Punch             |       |       |     3 |       ||     3
 Cast: Freeze            |    53 |    43 |    58 |    38 ||   192
       Frozen Ramparts   |     5 |    28 |    24 |    22 ||    79
       Ozocubu's Armour  |       |    14 |    22 |    16 ||    52
       Hailstorm         |       |       |    19 |    46 ||    65
Evoke: Wand              |       |       |     2 |     2 ||     4
  Use: Scroll            |     4 |     8 |     2 |     6 ||    20
       Potion            |       |       |       |     3 ||     3
 Stab: Sleeping          |     6 |     8 |     7 |     3 ||    24
Armor: Skin              |     8 |     5 |    27 |    19 ||    59
Dodge: Dodged            |    42 |    47 |    67 |   109 ||   265
Block: Other             |       |     8 |    25 |    21 ||    54
       Reflection        |       |     3 |       |     3 ||     6

Table legend: (Time is in decaauts)
 A = Elapsed time spent in this place.
 B = Non-inter-level travel time spent in this place.
 C = Inter-level travel time spent in this place.
 D = Time resting spent in this place.
 E = Time spent auto-exploring this place.
 F = Levels seen in this place.
 G = Mean time per level.
                   A        B        C        D        E       F      G
               +--------+--------+--------+--------+--------+-----+--------+
         Total |  13452 |  13148 |    304 |   2690 |   8521 |  13 | 1034.8 |
       Dungeon |  12837 |  12550 |    287 |   2431 |   8329 |  11 | 1167.0 |
        Temple |    149 |    132 |     17 |      0 |    120 |   1 |  149.0 |
      Gauntlet |    465 |    465 |      0 |    259 |     72 |   1 |  465.0 |
               +--------+--------+--------+--------+--------+-----+--------+

Top non-repeatable levels by time:
     D:4: 1526 daAuts
     D:7: 1511 daAuts
     D:5: 1380 daAuts
     D:9: 1346 daAuts
     D:2: 1287 daAuts
     D:1: 1264 daAuts
    D:10: 1238 daAuts
     D:8: 1163 daAuts
     D:3: 1063 daAuts
     D:6: 1005 daAuts
Gauntlet: 465 daAuts
  Temple: 149 daAuts
    D:11: 50 daAuts
